 Dungeon Crawl Stone Soup version 0.32-a0-128-g77eb882913 (webtiles) character file.

Game seed: 6931229577817171899

114 Newt the Slasher (level 4, -16/38 HPs)
             Began as a Barachi Fighter on Feb 7, 2024.
             Demolished by an ogre
             ... wielding a +0 giant club
              (18 damage)
             ... on level 5 of the Dungeon.
             The game lasted 00:02:55 (2087 turns).

Newt the Slasher (Barachi Fighter)                  Turns: 2087, Time: 00:02:56

Health: -16/38     AC: 10    Str: 19    XL:     4   Next: 98%
Magic:  4/4        EV:  9    Int:  8    God:
Gold:   94         SH:  4    Dex: 12    Spells: 3/3 levels left

rFire   . . .        a - +0 long sword
rCold   . . .        c - +0 buckler
rNeg    . . .        b - +0 scale mail
rPois   .            (no helmet)
rElec   .            (no cloak)
rCorr   .            (no gloves)
SInv    .            (no boots)
Will    .....        (no amulet) Stlth
                     m - +4 ring of protection
HPRegen 0.26/turn    (no ring)
MPRegen 0.09/turn

%: no passive effects
@: slow
A: amphibious, slowness 1, strong legs 1, +LOS
a: Hop


You were on level 5 of the Dungeon.
You visited 1 branch of the dungeon, and saw 4 of its levels.

You collected 94 gold pieces.

Inventory:

Hand Weapons
 a - a +0 long sword (weapon)
Missiles
 e - 47 stones
 j - 7 darts of dispersal
 q - 2 javelins
Armour
 b - a +0 scale mail (worn)
 c - a +0 buckler (worn)
Jewellery
 h - an amulet of magic regeneration
 m - a +4 ring of protection (left hand)
 u - a +5 ring of evasion
Wands
 y - a wand of digging (6)
Scrolls
 k - a scroll of teleportation
 l - 4 scrolls of enchant weapon
 o - a scroll of immolation
 r - a scroll of amnesia {unknown}
 s - 2 scrolls of blinking {unknown}
 t - a scroll of poison
 v - a scroll of vulnerability {unknown}
 w - 2 scrolls of identify
Potions
 d - a potion of might
 f - a potion of heal wounds {unknown}
 g - 2 potions of invisibility {unknown}
 i - a potion of ambrosia {unknown}
 n - a potion of cancellation {unknown}
 x - a potion of mutation {unknown}


   Skills:
 + Level 4.8 Fighting
 - Level 5.0 Long Blades
 * Level 0.5 Throwing
 - Level 3.6 Armour
 - Level 3.2 Shields


You had 3 spell levels left.
You didn't know any spells.
Your spell library contained the following spells:

 Spells                   Type           Power      Damage    Failure   Level
 Magic Dart               Conj           0%         1d3       85%         1
 Searing Ray              Conj           0%         2d4       94%         2
 Fulminant Prism          Conj/Alch      0%         3d5       100%        4


Dungeon Overview and Level Annotations

Branches:
Dungeon (5/15)
 Temple: D:4-7

Altars:
Kikubaaqudgha

Annotations:
D:3 1 runed translucent door, pigah's ghost, amateur OnCA


Innate Abilities, Weirdness & Mutations

You are amphibious.
You cover ground slowly.
You can hop short distances.
You have an extended range of vision and can be seen from far away.


Message History

You block the ogre's attack.
You slash the ogre!
The ogre is severely wounded.
The ogre is no longer blind.
The ogre closely misses you.
You barely miss the ogre.
The ogre is severely wounded.
Throw: dart (atropa)
Press: ? - help, Shift-Dir - straight line, f/p - ogre
Aim: an ogre, wielding a +0 giant club (severely wounded, 72% to hit, chance to blind on hit: 27%)
You throw an atropa-tipped dart. The atropa-tipped dart hits the ogre.
The ogre resists.
The ogre is severely wounded.
You block the ogre's attack.
You barely miss the ogre.
The ogre is severely wounded.
The ogre closely misses you.
You barely miss the ogre.
The ogre is severely wounded.
The ogre hits you with a +0 giant club!
* * * LOW HITPOINT WARNING * * *
Unknown command.
Throw: 8 darts (disperse)
Press: ? - help, Shift-Dir - straight line, f/p - ogre
Aim: an ogre, wielding a +0 giant club (severely wounded, 72% to hit)
You throw a dart of dispersal. The dart of dispersal hits the ogre.
The ogre blinks!
The ogre is severely wounded.
Unknown command.
Throw: 4 javelins
Press: ? - help, Shift-Dir - straight line, f/p - ogre
Aim: an ogre, wielding a +0 giant club (severely wounded, 72% to hit)
You throw a javelin. The javelin pierces through the ogre!
The ogre is almost dead.
Unknown command.
Throw: 3 javelins
Press: ? - help, Shift-Dir - straight line, f/p - ogre
Aim: an ogre, wielding a +0 giant club (almost dead, 72% to hit)
You throw a javelin. The javelin barely misses the ogre.
The ogre hits you with a +0 giant club!!
You die...

.(#:# #.#.# #.#>##
######.#..
#<.......###
#..........
.##.....$..#
........O..##.###
........@ยง......(
##.#####.####.###
#.# #.#########
########..........
..........########
.................
..........#######
...........


You could see an ogre.

Vanquished Creatures
  3 gnolls (D:2)
  3 adders
  2 dart slugs (D:1)
  8 ball pythons
  7 bats
  2 endoplasms (D:2)
  A giant cockroach (D:3)
  6 hobgoblins
  5 jackals
  A quokka (D:2)
  5 frilled lizards
  5 goblins
  3 kobolds
  5 rats
56 creatures vanquished.

Notes
Turn   | Place    | Note
-------+----------+-------------------------------------------
     0 | D:1      | Newt the Barachi Fighter began the quest for the Orb.
     0 | D:1      | Reached XP level 1. HP: 18/18 MP: 1/1
   106 | D:1      | Reached skill level 3 in Long Blades
   106 | D:1      | Reached XP level 2. HP: 2/25 MP: 2/2
   107 | D:1      | HP: 1/25 [bat (1)]
   114 | D:1      | HP: 1/25 [bat (1)]
   622 | D:1      | Reached XP level 3. HP: 30/30 MP: 3/3
   664 | D:1      | Found a faded altar of an unknown god.
   820 | D:2      | Reached skill level 4 in Long Blades
   881 | D:2      | Reached XP level 4. HP: 6/38 MP: 4/4
  1167 | D:2      | Found an ancient bone altar of Kikubaaqudgha.
  1820 | D:3      | Reached skill level 5 in Long Blades
  1945 | D:3      | Found a runed translucent door.
  1945 | D:3      | Noticed pigah's ghost (amateur OnCA)
  2067 | D:3      | You fall into a shaft and drop 2 floors!
  2067 | D:5      | Entered Level 5 of the Dungeon
  2072 | D:5      | Noticed an ogre
  2084 | D:5      | HP: 1/38 [ogre/+0 giant club (15)]
  2087 | D:5      | Demolished by an ogre

Illustrated notes

Levels and vault maps discovered:
D:1:      erik_arrival_triangle_huge, layout_rooms,
          dreamdust_ecumenical_altar_hidden_monk_grotto
D:2:      layout_basic, basic_altar
D:3:      layout_loops_ring, hellmonk_ghost_happy_afterlife
D:5:      minmay_bubble_buster, layout_basic, temple_hall

Skill      XL: |  1  2  3  4 |
---------------+-------------+-----
Long Blades    | 3 4 5 |  5.0
Fighting       | 4 |  4.8
Throwing       | |  0.5
Armour         | |  3.6
Shields        | |  3.2

Action                     |  1- 3 |  4- 6 || total
---------------------------+-------+-------++-------
  Melee: Long sword        |   118 |    76 ||   194
  Throw: Javelin           |     4 |     2 ||     6
         Dart              |       |     4 ||     4
    Use: Scroll            |     2 |     2 ||     4
   Stab: Invisible         |       |     1 ||     1
 Armour: Scale mail        |   141 |    51 ||   192
  Dodge: Dodged            |    91 |    39 ||   130
  Block: Buckler           |    37 |    16 ||    53

Table legend: (Time is in decaauts)
 A = Elapsed time spent in this place.
 B = Non-inter-level travel time spent in this place.
 C = Inter-level travel time spent in this place.
 D = Time resting spent in this place.
 E = Time spent auto-exploring this place.
 F = Levels seen in this place.
 G = Mean time per level.
                   A        B        C        D        E       F      G
               +--------+--------+--------+--------+--------+-----+--------+
         Total |   2381 |   2312 |     69 |    488 |   1312 |   4 |  595.2 |
       Dungeon |   2381 |   2312 |     69 |    488 |   1312 |   4 |  595.2 |
               +--------+--------+--------+--------+--------+-----+--------+

Top non-repeatable levels by time:
     D:2: 1237 daAuts
     D:1: 785 daAuts
     D:3: 336 daAuts
     D:5: 22 daAuts
